SAAA
SYRACUSE STARKS @ MEMPHIS REDBIRDS
07/29/2038
 
TOP OF THE 1ST
Syracuse Starks batting - Pitching for Memphis Redbirds : LHP Étienne Leclerc
Pitching: LHP Étienne Leclerc
Batting: RHB Damon Newbold 0-0: Ball
1-0: Called Strike
1-1: Foul Ball, location: 2F
1-2: Strikes out swinging
Batting: RHB Atanza Vongor 0-0: Ball
1-0: SINGLE (Line Drive, 78S, EV 102.5 MPH)
Batting: RHB Roger Caffyn 0-0: Ball
1-0: Ball
2-0: Ball
3-0: Called Strike
3-1: Base on Balls
Atanza Vongor to second
Batting: RHB Enrique Rocha 0-0: Ball
1-0: Ball
Atanza Vongor steals 3rd, throwing error, E2
Atanza Vongor scores
Roger Caffyn to third
2-0: Foul Ball, location: 2F
2-1: Fly out, F7 (Flyball, 78D, EV 106.9 MPH)
Runner from 3rd tags up, OUT at HOME! 7-2
Top of the 1st over - 1 run, 1 hit, 1 error, 0 left on base; Syracuse 1 - Memphis 0
BOTTOM OF THE 1ST
Memphis Redbirds batting - Pitching for Syracuse Starks : LHP Dave McAlear
Pitching: LHP Dave McAlear
Batting: LHB Yin-reng Hsueh 0-0: Called Strike
0-1: Ball
1-1: Ball
2-1: Called Strike
2-2: Foul Ball, location: 2F
2-2: Fly out, F8 (Flyball, 8RM, EV 88.8 MPH)
Batting: RHB Ken Barger 0-0: Ball
1-0: Ball
2-0: SINGLE (Line Drive, 9S, EV 101.9 MPH)
Pinch Hitting: RHB José Díaz 0-0: Fly out, F8 (Flyball, 8RXD, EV 109.4 MPH)
Batting: RHB Iiri Haapajarvi 0-0: Ball
1-0: Swinging Strike
1-1: Called Strike
1-2: Ball
2-2: Strikes out swinging
Bottom of the 1st over - 0 runs, 1 hit, 0 errors, 1 left on base; Syracuse 1 - Memphis 0
TOP OF THE 2ND
Syracuse Starks batting - Pitching for Memphis Redbirds : LHP Étienne Leclerc
Now in LF: José Díaz
Batting: LHB Robby Young 0-0: Ball
1-0: Ball
2-0: Called Strike
2-1: Swinging Strike
2-2: Foul Ball, location: 2F
2-2: Ball
3-2: Strikes out swinging
Batting: RHB Thom Beach 0-0: Ball
1-0: Ball
2-0: Ball
3-0: Called Strike
3-1: Called Strike
3-2: Base on Balls
Batting: RHB Akke Derksen 0-0: Called Strike
0-1: Ball
1-1: Swinging Strike
1-2: Strikes out swinging
Batting: RHB Enrico Sánchez 0-0: Ball
1-0: Fielders Choice at 2nd, 5-4 (Groundball, 5, EV 95.6 MPH)
Top of the 2nd over - 0 runs, 0 hits, 0 errors, 1 left on base; Syracuse 1 - Memphis 0
BOTTOM OF THE 2ND
Memphis Redbirds batting - Pitching for Syracuse Starks : LHP Dave McAlear
Batting: SHB Roger Dorn 0-0: Foul Ball, location: 2F
0-1: Called Strike
0-2: Ball
1-2: SINGLE (Groundball, 6MD, EV 102.5 MPH)
Batting: RHB Diego Martínez 0-0: DOUBLE (Line Drive, 9LM, EV 104.4 MPH)
Roger Dorn to third
Batting: RHB Modesto Barreiro 0-0: Foul Ball, location: 2F
0-1: Foul Ball, location: 2F
0-2: Foul Ball, location: 2F
0-2: Ball
1-2: Ball
2-2: Fly out, F7 (Flyball, 78M, EV 90.0 MPH)
Runner from 3rd tags up, SCORES, throw by LF
Batting: SHB Alejandro Arizméndiz 0-0: Ball
1-0: Ball
2-0: Foul Ball, location: 2F
2-1: Ground out 5-3 (Groundball, 56, EV 76.9 MPH)
Batting: RHB Cullen Allen 0-0: Fly out, F1 (Line Drive, P, EV 68.8 MPH)
Bottom of the 2nd over - 1 run, 2 hits, 0 errors, 1 left on base; Syracuse 1 - Memphis 1
TOP OF THE 3RD
Syracuse Starks batting - Pitching for Memphis Redbirds : LHP Étienne Leclerc
Batting: RHB Austin Case 0-0: Ball
1-0: Foul Ball, location: 2F
1-1: Hit by Pitch
Batting: RHB Damon Newbold 0-0: Fly out, F8 (Line Drive, 8RM, EV 87.5 MPH)
Batting: RHB Atanza Vongor 0-0: Ball
1-0: Called Strike
1-1: Called Strike
1-2: Foul Ball, location: 2F
1-2: Fly out, F7 (Flyball, 78D, EV 90.0 MPH)
Batting: RHB Roger Caffyn 0-0: Called Strike
0-1: Fielders Choice at 2nd, 6-4 (Groundball, 6, EV 91.2 MPH)
Top of the 3rd over - 0 runs, 0 hits, 0 errors, 1 left on base; Syracuse 1 - Memphis 1
BOTTOM OF THE 3RD
Memphis Redbirds batting - Pitching for Syracuse Starks : LHP Dave McAlear
Batting: LHB Yin-reng Hsueh 0-0: Foul Ball, location: 2F
0-1: Called Strike
0-2: Foul Ball, location: 2F
0-2: Ball
1-2: Strikes out swinging
Batting: RHB Ken Barger 0-0: Ball
1-0: Foul Ball, location: 2F
1-1: SINGLE (Line Drive, 9LS, EV 93.8 MPH)
Batting: RHB José Díaz 0-0: Called Strike
0-1: Ball
1-1: Ball
2-1: Ball
3-1: Called Strike
3-2: Base on Balls
Ken Barger to second
Batting: RHB Iiri Haapajarvi 0-0: Called Strike
0-1: Foul Ball, location: 2F
0-2: Strikes out swinging
Batting: SHB Roger Dorn 0-0: Called Strike
0-1: Ball
1-1: SINGLE (Flyball, 89S, EV 86.9 MPH)
Ken Barger to third
José Díaz to second
Runner from 3rd tries for Home, throw by RF and OUT! 9-2
Bottom of the 3rd over - 0 runs, 2 hits, 0 errors, 2 left on base; Syracuse 1 - Memphis 1
TOP OF THE 4TH
Syracuse Starks batting - Pitching for Memphis Redbirds : LHP Étienne Leclerc
Batting: RHB Enrique Rocha 0-0: Ball
1-0: Fly out, F8 (Flyball, 8RD, EV 88.8 MPH)
Batting: LHB Robby Young 0-0: Ball
1-0: Ground out 4-3 (Groundball, 4, EV 98.8 MPH)
Batting: RHB Thom Beach 0-0: Called Strike
0-1: Ball
1-1: Foul Ball, location: 2F
1-2: Strikes out swinging
Top of the 4th over - 0 runs, 0 hits, 0 errors, 0 left on base; Syracuse 1 - Memphis 1
BOTTOM OF THE 4TH
Memphis Redbirds batting - Pitching for Syracuse Starks : LHP Dave McAlear
Batting: RHB Diego Martínez 0-0: Called Strike
0-1: Ball
1-1: Swinging Strike
1-2: Strikes out swinging
Batting: RHB Modesto Barreiro 0-0: Ball
1-0: Foul Ball, location: 2F
1-1: Ball
2-1: SOLO HOME RUN (Flyball, 7LD, EV 110.6 MPH), Distance : 340 ft
Batting: SHB Alejandro Arizméndiz 0-0: Ball
1-0: Called Strike
1-1: SINGLE (Groundball, 56D, EV 96.2 MPH)
Batting: RHB Cullen Allen 0-0: Called Strike
0-1: Ball
1-1: Ball
2-1: SINGLE (Line Drive, 4D, EV 97.5 MPH)
Alejandro Arizméndiz to second
Batting: LHB Yin-reng Hsueh 0-0: Foul Ball, location: 2F
0-1: Called Strike
0-2: Fly out, F8 (Flyball, 78S, EV 88.8 MPH)
Batting: RHB Ken Barger 0-0: Ball
1-0: Fielders Choice at 2nd, 5-4 (Groundball, 5L, EV 83.1 MPH)
Bottom of the 4th over - 1 run, 3 hits, 0 errors, 2 left on base; Syracuse 1 - Memphis 2
TOP OF THE 5TH
Syracuse Starks batting - Pitching for Memphis Redbirds : LHP Étienne Leclerc
Batting: RHB Akke Derksen 0-0: Fly out, F9 (Flyball, 89M, EV 75.0 MPH)
Batting: RHB Enrico Sánchez 0-0: Ball
1-0: Called Strike
1-1: Ball
2-1: Ball
3-1: Called Strike
3-2: Base on Balls
Batting: RHB Austin Case 0-0: Called Strike
0-1: Ball
1-1: SINGLE (Groundball, 6MD, EV 97.5 MPH)
Enrico Sánchez to second
Runner from 2nd tries for 3rd, SAFE, throw by CF made to third
Pitching: RHP Enrique Mateo
Batting: RHB Damon Newbold 0-0: Ball
1-0: Fielders Choice at 2nd, 4-6 (Groundball, 4, EV 100.0 MPH)
Enrico Sánchez scores
Batting: RHB Atanza Vongor 0-0: Ball
1-0: Fly out, F7 (Flyball, 7LMF, EV 104.4 MPH)
Top of the 5th over - 1 run, 1 hit, 0 errors, 1 left on base; Syracuse 2 - Memphis 2
BOTTOM OF THE 5TH
Memphis Redbirds batting - Pitching for Syracuse Starks : LHP Dave McAlear
Batting: RHB José Díaz 0-0: Ball
1-0: Fly out, F9 (Flyball, 9LS, EV 87.5 MPH)
Batting: RHB Iiri Haapajarvi 0-0: Hit by Pitch
Batting: SHB Roger Dorn 0-0: Ball
1-0: Ball
2-0: Fly out, F9 (Line Drive, 9, EV 88.1 MPH)
Batting: RHB Diego Martínez 0-0: Ball
1-0: Ball
2-0: Called Strike
2-1: Swinging Strike
2-2: SINGLE (Groundball, 56D, EV 100.6 MPH)
Iiri Haapajarvi to second
Batting: RHB Modesto Barreiro 0-0: Foul Ball, location: 2F
0-1: Ball
1-1: Ball
2-1: Swinging Strike
2-2: Ball
3-2: Foul Ball, location: 2F
3-2: Foul Ball, location: 2F
3-2: Ground out 5-3 (Groundball, 56, EV 86.9 MPH)
Bottom of the 5th over - 0 runs, 1 hit, 0 errors, 2 left on base; Syracuse 2 - Memphis 2
TOP OF THE 6TH
Syracuse Starks batting - Pitching for Memphis Redbirds : RHP Enrique Mateo
Batting: RHB Roger Caffyn 0-0: Fly out, F2 (Popup, 2LF, EV 85.0 MPH)
Batting: RHB Enrique Rocha 0-0: Ball
1-0: SINGLE (Line Drive, 9LS, EV 105.6 MPH)
Batting: LHB Robby Young 0-0: Ball
1-0: Foul Ball, location: 2F
1-1: Foul Ball, location: 2F
1-2: Foul Ball, location: 2F
1-2: DOUBLE (Line Drive, 7LS, EV 107.5 MPH)
Enrique Rocha to third
Batting: RHB Thom Beach 0-0: Called Strike
0-1: Called Strike
0-2: Ground out 6-3 (Groundball, 6MS, EV 89.4 MPH)
Enrique Rocha scores
Robby Young to third
Batting: RHB Akke Derksen 0-0: Ball
1-0: Foul Ball, location: 2F
1-1: Swinging Strike
1-2: Foul Ball, location: 2F
1-2: Ball
2-2: Foul Ball, location: 2F
2-2: Foul Ball, location: 2F
2-2: Ball
3-2: Strikes out swinging
Top of the 6th over - 1 run, 2 hits, 0 errors, 1 left on base; Syracuse 3 - Memphis 2
BOTTOM OF THE 6TH
Memphis Redbirds batting - Pitching for Syracuse Starks : LHP Dave McAlear
Batting: SHB Alejandro Arizméndiz 0-0: Foul Ball, location: 2F
0-1: Foul Ball, location: 2F
0-2: Ball
1-2: Ball
2-2: Foul Ball, location: 2F
2-2: Fly out, F7 (Line Drive, 7, EV 105.6 MPH)
Batting: RHB Cullen Allen 0-0: Ball
1-0: Swinging Strike
1-1: Ground out U3 (Groundball, 3, EV 83.8 MPH)
Batting: LHB Yin-reng Hsueh 0-0: Ball
1-0: Ground out 4-3 (Groundball, 4M, EV 79.4 MPH)
Bottom of the 6th over - 0 runs, 0 hits, 0 errors, 0 left on base; Syracuse 3 - Memphis 2
TOP OF THE 7TH
Syracuse Starks batting - Pitching for Memphis Redbirds : RHP Enrique Mateo
Batting: RHB Enrico Sánchez 0-0: Ball
1-0: Foul Ball, location: 2F
1-1: Foul Ball, location: 2F
1-2: Foul Ball, location: 2F
1-2: Foul Ball, location: 2F
1-2: Ball
2-2: Ball
3-2: Ground out 1-3 (Groundball, 34S, EV 62.5 MPH)
Batting: RHB Austin Case 0-0: Called Strike
0-1: Called Strike
0-2: Fly out, F4 (Popup, 23, EV 88.8 MPH)
Batting: RHB Damon Newbold 0-0: Ball
1-0: SOLO HOME RUN (Flyball, 7LD, EV 90.6 MPH), Distance : 354 ft
Batting: RHB Atanza Vongor 0-0: Ground out 1-3 (Groundball, P, EV 88.8 MPH)
Top of the 7th over - 1 run, 1 hit, 0 errors, 0 left on base; Syracuse 4 - Memphis 2
BOTTOM OF THE 7TH
Memphis Redbirds batting - Pitching for Syracuse Starks : LHP Dave McAlear
Pitching: RHP Christiaan Volkers
Batting: RHB Ken Barger 0-0: Called Strike
0-1: DOUBLE (Line Drive, 89D, EV 100.6 MPH)
Batting: RHB José Díaz 0-0: Ball
1-0: Foul Ball, location: 2F
1-1: Ground out 6-3 (Groundball, 6, EV 105.6 MPH)
Batting: RHB Iiri Haapajarvi 0-0: Called Strike
0-1: Ball
1-1: Foul Ball, location: 2F
1-2: Ball
2-2: Strikes out swinging
Batting: SHB Roger Dorn 0-0: Ball
1-0: Ball
2-0: Foul Ball, location: 2F
2-1: Called Strike
2-2: Foul Ball, location: 2F
2-2: Ball
3-2: Ground out 5-3 (Groundball, 56S, EV 68.8 MPH)
Bottom of the 7th over - 0 runs, 1 hit, 0 errors, 1 left on base; Syracuse 4 - Memphis 2
TOP OF THE 8TH
Syracuse Starks batting - Pitching for Memphis Redbirds : RHP Enrique Mateo
Batting: RHB Roger Caffyn 0-0: SINGLE (Groundball, 5D, EV 98.1 MPH)
Batting: RHB Enrique Rocha 0-0: Foul Ball, location: 2F
0-1: Foul Ball, location: 2F
0-2: Fielders Choice at 2nd, 6-4 (Groundball, 6, EV 103.8 MPH)
Batting: LHB Robby Young 0-0: Ball
1-0: Called Strike
1-1: Ball
2-1: Foul Ball, location: 2F
2-2: Foul Ball, location: 2F
2-2: Foul Ball, location: 2F
2-2: Ball
3-2: Base on Balls
Enrique Rocha to second
Batting: RHB Thom Beach 0-0: Grounds into double play, 3-6-1 (Groundball, 34, EV 100.0 MPH)
Top of the 8th over - 0 runs, 1 hit, 0 errors, 1 left on base; Syracuse 4 - Memphis 2
BOTTOM OF THE 8TH
Memphis Redbirds batting - Pitching for Syracuse Starks : RHP Christiaan Volkers
Batting: RHB Diego Martínez 0-0: Called Strike
0-1: Ground out 1-3 (Groundball, 13, EV 80.6 MPH)
Batting: RHB Modesto Barreiro 0-0: Called Strike
0-1: Ball
1-1: Foul Ball, location: 2F
1-2: Ball
2-2: Foul Ball, location: 2F
2-2: Ground out 6-3 (Groundball, 6, EV 78.8 MPH)
Batting: SHB Alejandro Arizméndiz 0-0: Called Strike
0-1: Ball
1-1: Ground out 4-3 (Groundball, 34D, EV 100.0 MPH)
Bottom of the 8th over - 0 runs, 0 hits, 0 errors, 0 left on base; Syracuse 4 - Memphis 2
TOP OF THE 9TH
Syracuse Starks batting - Pitching for Memphis Redbirds : RHP Enrique Mateo
Batting: RHB Akke Derksen 0-0: SINGLE (Line Drive, 34D, EV 101.2 MPH)
Pitching: LHP António Moreno
Batting: RHB Enrico Sánchez 0-0: Ball
1-0: Called Strike
1-1: Called Strike
1-2: Ball
2-2: Ball
3-2: SINGLE (Groundball, 5D, EV 95.6 MPH)
Akke Derksen to second
Batting: RHB Austin Case 0-0: Foul Ball, location: 2F
0-1: Foul Ball, location: 2F
0-2: Ball
1-2: Foul Ball, location: 2F
1-2: Ball
2-2: Strikes out swinging
Batting: RHB Damon Newbold 0-0: Foul Ball, location: 2F
0-1: SINGLE (Groundball, 56D, EV 102.5 MPH)
Akke Derksen to third
Enrico Sánchez to second
Batting: RHB Atanza Vongor 0-0: Foul Ball, location: 2F
0-1: Swinging Strike
0-2: Strikes out swinging
Batting: RHB Roger Caffyn 0-0: Ball
1-0: Called Strike
1-1: Called Strike
1-2: Fly out, F8 (Line Drive, 8RD, EV 95.0 MPH)
Top of the 9th over - 0 runs, 3 hits, 0 errors, 3 left on base; Syracuse 4 - Memphis 2
BOTTOM OF THE 9TH
Memphis Redbirds batting - Pitching for Syracuse Starks : RHP Christiaan Volkers
Pitching: RHP Greyfriars Bobby
Now at 3B: Tyler Knopp
Now at SS: Lu Tsai
Now in CF: Soren Loen
Batting: RHB Cullen Allen 0-0: Foul Ball, location: 2F
0-1: Ball
1-1: Swinging Strike
1-2: Foul Ball, location: 2F
1-2: Fly out, F3 (Popup, 3SF, EV 78.1 MPH)
Batting: LHB Yin-reng Hsueh 0-0: SINGLE (Groundball, 4MD, EV 102.5 MPH)
Pinch Hitting: SHB Sean Worley 0-0: Ball
1-0: Ball
2-0: Ground out 4-3 (Groundball, 34D, EV 101.2 MPH)
Yin-reng Hsueh to second
Batting: RHB José Díaz 0-0: Ball
1-0: Foul Ball, location: 2F
1-1: Ball
2-1: Ground out 1-3 (Groundball, 13S, EV 65.6 MPH)
Bottom of the 9th over - 0 runs, 1 hit, 0 errors, 1 left on base; Syracuse 4 - Memphis 2
Friday, April 17th, 2020 - OOTP Baseball 20.8 Build 74